 Dungeon Crawl Stone Soup version 0.18-a0-1764-gf4ddf0b (webtiles) character file.

64818 dohliylev the Imperceptible (level 14, -3/95 HPs)
             Began as a Vampire Enchanter on Apr 13, 2016.
             Was a High Priest of Dithmenos.
             Slain by a spriggan rider
             ... wielding a +1 vampiric spear
              (16 damage)
             ... on level 8 of the Lair of Beasts on Apr 14, 2016.
             The game lasted 10:41:59 (20765 turns).

dohliylev the Imperceptible (Vampire Enchanter)    Turns: 20765, Time: 10:42:00

Health: -3/95      AC:  7    Str:  7    XL:     14   Next: 73%
Magic:  7/27       EV: 17    Int: 26    God:    Dithmenos [*****.]
Gold:   1355       SH: 11    Dex: 19    Spells: 4 memorised, 22 levels left

rFire  . . .     SeeInvis +     j - +2 dagger (venom)
rCold  . . .     Gourm    .     Q - +0 leather armour "Rumer" {Int+4}
rNeg   + . .     Faith    .     I - +2 shield
rPois  .         Spirit   .     B - +0 helmet
rElec  .         Dismiss  .     U - +0 cloak
rCorr  .         Reflect  .     P - +0 pair of gloves
SustAt .         Harm     .     C - +0 pair of boots
MR     +....                    m - amulet of regeneration
Stlth  ++++++++++               y - +4 ring of intelligence
                                K - ring of wizardry

@: wreathed by umbra, somewhat resistant to hostile enchantments, uncannily
stealthy
A: fangs 3, see invisible, unbreathing
a: Bat Form, Shadow Step, Shadow Form, Renounce Religion


You were on level 8 of the Lair of Beasts.
You worshipped Dithmenos.
Dithmenos was extremely pleased with you.
You were not thirsty.

You visited 3 branches of the dungeon, and saw 18 of its levels.
You also visited: Ice Cave and Volcano.

You collected 1355 gold pieces.

Inventory:

Hand Weapons
 j - a +2 dagger of venom (weapon)
 F - a +0 blowgun
Missiles
 s - 12 tomahawks (quivered)
 G - 27 poisoned needles
 N - 5 javelins of returning
Armour
 B - a +0 helmet (worn)
 C - a +0 pair of boots (worn)
 I - a +2 shield (worn)
 P - a +0 pair of gloves (worn)
 Q - the +0 leather armour "Rumer" (worn) {Int+4}
   (You found it on level 2 of the Lair of Beasts)

   It affects your intelligence (+4).
 U - a +0 cloak (worn)
 X - a steam dragon hide
Magical Staves
 W - an uncursed staff of air
Jewellery
 m - an amulet of regeneration (around neck)
 x - a +3 ring of intelligence
 y - a +4 ring of intelligence (right hand)
 K - a ring of wizardry (left hand)
 Z - an uncursed ring of ice
Wands
 i - a wand of iceblast (6/15)
 M - a wand of acid (10/15)
 T - a wand of iceblast (3/15)
 Y - a wand of acid (8/15)
Scrolls
 h - 3 scrolls of enchant armour
 l - 8 scrolls of teleportation
 o - a scroll of amnesia {unknown}
 p - a scroll of fear
 q - 11 scrolls of remove curse
 r - 4 scrolls of blinking
 u - a scroll of magic mapping
 w - a scroll of recharging
 O - a scroll of enchant weapon
 S - a scroll of brand weapon
 V - a scroll of torment
Potions
 a - a potion of ambrosia
 b - 2 potions of invisibility {unknown}
 d - 66 potions of blood
 e - 7 potions of might {unknown}
 f - 2 potions of berserk rage {unknown}
 g - 3 potions of curing {unknown}
 k - 3 potions of agility {unknown}
 n - a potion of haste {unknown}
 t - 2 potions of lignification {unknown}
 v - a potion of beneficial mutation {unknown}
 z - a potion of brilliance {unknown}
 A - 2 potions of mutation {unknown}
 H - 5 potions of cure mutation {unknown}
 J - 2 potions of heal wounds {unknown}
 R - a potion of experience {unknown}
Books
 c - a book of Maledictions

   Spells                             Type                      Level
   a - Corona                         Hexes                        1
   b - Ensorcelled Hibernation        Hexes/Ice                    2
   c - Confuse                        Hexes                        3
   d - Tukima's Dance                 Hexes                        3
   e - Dazzling Spray                 Conjuration/Hexes            3
 D - a book of Ice

   Spells                             Type                      Level
   a - Ice Form                       Ice/Transmutation            4
   b - Metabolic Englaciation         Hexes/Ice                    5
   c - Ozocubu's Refrigeration        Ice                          6
   d - Bolt of Cold                   Conjuration/Ice              6
   e - Freezing Cloud                 Conjuration/Ice/Air          6
   f - Simulacrum                     Ice/Necromancy               6
 L - a Young Poisoner's Handbook

   Spells                             Type                      Level
   a - Sting                          Conjuration/Poison           1
   b - Cure Poison                    Poison                       2
   c - Mephitic Cloud                 Conjuration/Poison/Air       3
   d - Olgreb's Toxic Radiance        Poison                       4
   e - Venom Bolt                     Conjuration/Poison           5
Miscellaneous
 E - a plain deck of defence


   Skills:
 + Level 4.2 Fighting
 + Level 6.4 Short Blades
   Level 0.1 Maces & Flails
 + Level 1.2 Throwing
 + Level 3.0 Armour
 + Level 10.6 Dodging
 + Level 22.5 Stealth
 + Level 4.2 Shields
 + Level 9.3 Spellcasting
 + Level 3.1 Conjurations
 + Level 13.1 Hexes
 + Level 7.7 Ice Magic
 + Level 0.3 Invocations


You had 22 spell levels left.
You knew the following spells:

 Your Spells              Type           Power        Failure   Level  Hunger
a - Corona                Hex            ######.      1%          1    None
b - Ensorcelled Hibernat  Hex/Ice        ######       1%          2    None
c - Dazzling Spray        Conj/Hex       ######..     1%          3    None
d - Tukima's Dance        Hex            ######..     1%          3    None


Dungeon Overview and Level Annotations

Branches:
Dungeon (9/15)             Temple (1/1) D:6            Lair (8/8) D:8
  Swamp (0/4) Lair:5       Spider (0/4) Lair:4        Slime (0/6) Lair:7
    Orc: D:9-12

Altars:
Ashenzari
Cheibriados
Dithmenos
Elyvilon
Fedhas
Gozag
Kikubaaqudgha
Makhleb
Nemelex Xobeh
Okawaru
Pakellas
Qazlal
Ru
Sif Muna
Trog
Vehumet
Xom
Yredelemnul
Zin
The Shining One

Shops:
D:8 [

Annotations:
D:4 M4edhros's ghost, amateur OgWn
D:5 simok's ghost, novice CeBe
D:9 M4edhros's ghost, novice OgWn
Lair:3 exclusion: oklob plant


Innate Abilities, Weirdness & Mutations

You have razor-sharp teeth.
You have supernaturally acute eyesight.
You can survive without breathing.


Message History

Casting: Dazzling Spray
Confirm with . or Enter, or press ? or * to list all spells.
Aiming: Dazzling Spray
Press: ? - help, Shift-Dir - straight line, f/p - spriggan rider
Aim: a spriggan rider, wielding a vampiric spear and wearing a buckler (moderately wounded, umbra)
The spray of energy hits the spriggan rider.
The spriggan rider is moderately wounded.
The spriggan rider is dazzled.
The spray of energy hits the plant.
The plant is moderately damaged.
The spriggan rider hits you from afar with a vampiric spear!!
The spriggan rider hits you with a vampiric spear!!
* * * LOW HITPOINT WARNING * * *
Casting: Dazzling Spray
Confirm with . or Enter, or press ? or * to list all spells.
Aiming: Ensorcelled Hibernation
Press: ? - help, Shift-Dir - straight line, f/p - spriggan rider
Aim: a spriggan rider, wielding a vampiric spear and wearing a buckler (moderately wounded, blind, umbra, chance to defeat MR: 11%)
The spriggan rider resists with almost no effort.
The spriggan rider hits you with a vampiric spear!
You die...

............PP...# #..######
.....P.P.PPP.PP.# #...#.#.##
.............PP#########........#
...P..P............#.##..P.....≈P
..P.PPPPP........P...#..PP.#...≈≈
...PP♣♣♣♣..................##...P
..PP♣♣♣.P.....P....P###.P.###..≈≈
...PPP♣♣PP(.......PP####P..#...P≈
.P..PP♣.......#.@....##.........P
....PP.P.....P###i..#.#.........P
PP.....P..P..## ##........P....≈≈
.......P......# ##.............≈≈
P....P...PP..####..............≈P
.P...#....PP##.#...P.....##....≈P
PP.......PPP..#....P....#.##...P≈
PPPP....P.P.P..........(....#...P
PPP......P.P.....................


You could see a spriggan rider (blind).

Vanquished Creatures
  A frost giant (IceCv)
  Maud (Lair:6)
  Snorg (Lair:7)
  3 hydras
  A fire dragon (Volcano)
  9 death yaks
  A queen ant (Lair:4)
  Urug (Lair:4)
  Pikel (D:7)
  A griffon (Lair:4)
  20 elephants
  3 salamanders (Volcano)
  3 black mambas
  An ice statue (IceCv)
  A torpor snail (Lair:5)
  9 spiny frogs
  A rime drake (Lair:2)
  11 komodo dragons
  A jumping spider (Lair:4)
  5 two-headed ogres (Volcano)
  17 polar bears
  A boulder beetle (Lair:7)
  20 blink frogs
  3 slime creatures (Lair:7)
  2 spriggans (Lair:8)
  4 redbacks
  50 yaks
  9 wyverns
  2 fire bats (Volcano)
  3 basilisks
  9 hippogriffs
  4 steam dragons (Volcano)
  5 vampire mosquitoes (Lair:5)
  14 soldier ants (Lair:4)
  13 water moccasins
  8 porcupines
  10 ice beasts
  A slave (D:7)
  A black bear (Lair:5)
  A wasp (Lair:8)
  6 ogres
  33 wolves
  A centaur (D:7)
  16 crocodiles
  A big kobold (D:7)
  20 giant frogs
  A wyvern zombie (D:6)
  2 scorpions
  A water moccasin skeleton (D:8)
  3 electric eels
  2 howler monkeys
  3 crimson imps
  A centaur zombie (D:8)
  4 jellies
  4 hounds
  An orc wizard (D:8)
  A giant frog skeleton (D:6)
  An orc priest (D:8)
  Crazy Yiuf (D:7)
  Ijyb (D:2)
  Terence (D:2)
  7 iguanas
  38 worker ants
  6 hell rats (Lair:1)
  22 sheep
  A hound skeleton (D:9)
  A hound zombie (D:7)
  A howler monkey skeleton (D:7)
  6 gnolls
  111 river rats
  12 adders
  An adder zombie (D:7)
  An ooze (D:3)
  An adder skeleton (D:4)
  2 worms
  3 dart slugs
  6 giant geckos
  13 orcs
  2 ball pythons
  3 bats
  5 giant cockroaches
  6 goblins
  8 hobgoblins
  2 quokkas
  2 ball python skeletons (D:4)
  2 giant gecko skeletons
  A giant gecko zombie (D:6)
  4 giant newts
  11 kobolds
  A quokka skeleton (D:4)
  38 rats
  A fungus (Lair:4)
674 creatures vanquished.

Vanquished Creatures (collateral kills)
  A gnoll (D:7)
1 creature vanquished.

Vanquished Creatures (others)
  An ice beast (D:7)
  A slave (D:7)
  A water moccasin zombie (D:7)
  9 fungi
  2 plants (Lair:8)
14 creatures vanquished.

Grand Total: 689 creatures vanquished

Notes
Turn   | Place    | Note
--------------------------------------------------------------
     0 | D:1      | dohliylev the Vampire Enchanter began the quest for the Orb.
     0 | D:1      | Reached XP level 1. HP: 13/13 MP: 3/3
    70 | D:1      | Reached XP level 2. HP: 8/19 MP: 5/5
    84 | D:1      | Learned a level 2 spell: Ensorcelled Hibernation
   226 | D:1      | Reached skill level 5 in Stealth
   362 | D:1      | Reached skill level 5 in Hexes
   434 | D:1      | Reached XP level 3. HP: 17/24 MP: 6/6
   562 | D:2      | Noticed Ijyb
   606 | D:2      | Killed Ijyb
   606 | D:2      | Reached skill level 6 in Stealth
   606 | D:2      | Reached skill level 1 in Ice Magic
   606 | D:2      | Reached XP level 4. HP: 20/31 MP: 2/7
   685 | D:2      | Noticed Terence
   712 | D:2      | Killed Terence
   813 | D:2      | You fall through a shaft!
   974 | D:3      | Reached skill level 7 in Stealth
  1082 | D:3      | Reached XP level 5. HP: 36/36 MP: 8/8
  1923 | D:4      | Found an opulent altar of Gozag.
  1978 | D:4      | Reached skill level 8 in Stealth
  1990 | D:4      | Learned a level 3 spell: Dazzling Spray
  2100 | D:4      | Noticed M4edhros's ghost (amateur OgWn)
  2175 | D:4      | Reached XP level 6. HP: 40/42 MP: 6/9
  2183 | D:4      | Learned a level 3 spell: Tukima's Dance
  2576 | D:5      | Entered Level 5 of the Dungeon
  2643 | D:5      | Found an ancient bone altar of Kikubaaqudgha.
  2777 | D:5      | Noticed an ice beast
  2784 | D:5      | Killed an ice beast
  2784 | D:5      | Reached skill level 9 in Stealth
  3039 | D:5      | Noticed simok's ghost (novice CeBe)
  3292 | D:5      | Reached XP level 7. HP: 30/47 MP: 1/11
  3510 | D:5      | Reached skill level 10 in Stealth
  3848 | D:6      | Reached skill level 1 in Fighting
  3887 | D:6      | Found a staircase to the Ecumenical Temple.
  3895 | Temple   | Entered the Ecumenical Temple
  4123 | D:6      | Reached skill level 11 in Stealth
  4160 | D:6      | Reached XP level 8. HP: 54/54 MP: 12/12
  5028 | D:7      | Reached skill level 12 in Stealth
  5362 | D:7      | Noticed Pikel
  5426 | D:7      | Killed Pikel
  5426 | D:7      | Reached skill level 13 in Stealth
  5426 | D:7      | Reached skill level 1 in Conjurations
  5426 | D:7      | Reached XP level 9. HP: 59/59 MP: 7/15
  5484 | D:7      | Reached skill level 5 in Dodging
  5638 | D:7      | Found a shadowy altar of Dithmenos.
  5645 | D:7      | Became a worshipper of Dithmenos the Shadowed
  5650 | D:7      | Found a sacrificial altar of Ru.
  5654 | D:7      | Found a sparkling altar of Nemelex Xobeh.
  5899 | D:7      | Reached skill level 1 in Throwing
  6289 | D:7      | Noticed Crazy Yiuf
  6295 | D:7      | Killed Crazy Yiuf
  6433 | D:8      | Found Zipiu's Antique Armour Boutique.
  6435 | D:8      | Reached skill level 14 in Stealth
  6939 | D:8      | Reached skill level 5 in Spellcasting
  6942 | D:8      | Noticed an elephant
  6947 | D:8      | Found a staircase to the Lair.
  7093 | D:9      | Found a radiant altar of Vehumet.
  7149 | D:9      | Found a snail-covered altar of Cheibriados.
  7181 | D:9      | Reached XP level 10. HP: 66/67 MP: 11/17
  7183 | D:9      | Reached * piety under Dithmenos
  7234 | D:9      | Noticed M4edhros's ghost (novice OgWn)
  7457 | D:8      | Found a deep blue altar of Sif Muna.
  7680 | D:8      | Killed an elephant
  7904 | Lair:1   | Entered Level 1 of the Lair of Beasts
  7925 | Lair:1   | Reached skill level 15 in Stealth
  8338 | Lair:1   | Noticed a spiny frog
  8344 | Lair:1   | Killed a spiny frog
  8417 | Lair:1   | Reached ** piety under Dithmenos
  8417 | Lair:1   | Reached skill level 16 in Stealth
  8711 | Lair:1   | Noticed a spiny frog
  8717 | Lair:1   | Killed a spiny frog
  9127 | Lair:2   | Noticed a spiny frog
  9135 | Lair:2   | Killed a spiny frog
  9135 | Lair:2   | Reached XP level 11. HP: 74/74 MP: 17/20
  9715 | Lair:2   | Reached *** piety under Dithmenos
 10004 | Lair:2   | Got a distressingly furry leather armour
 10299 | Lair:2   | Reached skill level 1 in Shields
 10302 | Lair:2   | Reached skill level 17 in Stealth
 10519 | Lair:3   | Noticed an oklob plant
 10722 | Lair:3   | Reached skill level 10 in Hexes
 11465 | Lair:4   | Identified the +0 leather armour "Rumer" {Int+4} (You found it on level 2 of the Lair of Beasts)
 11496 | Lair:4   | Found a frozen archway.
 11498 | Lair:4   | Found a hole to the Spider Nest.
 11499 | Lair:4   | Noticed an eight-headed hydra
 11506 | Lair:4   | Killed an eight-headed hydra
 11521 | Lair:4   | Reached skill level 5 in Short Blades
 11533 | Lair:4   | Reached skill level 5 in Ice Magic
 11639 | Lair:4   | Reached **** piety under Dithmenos
 11728 | Lair:4   | Noticed a griffon
 11772 | IceCv    | Entered an ice cave
 11963 | IceCv    | Reached skill level 18 in Stealth
 12134 | IceCv    | Reached skill level 1 in Armour
 12134 | IceCv    | Reached XP level 12. HP: 81/81 MP: 19/22
 13240 | IceCv    | Noticed a frost giant
 13256 | IceCv    | Killed a frost giant
 13824 | Lair:4   | Noticed Urug
 13839 | Lair:4   | Killed Urug
 13966 | Lair:4   | Reached skill level 19 in Stealth
 14024 | Lair:4   | Noticed a five-headed hydra
 14035 | Lair:4   | Killed a five-headed hydra
 14357 | Lair:4   | Noticed a queen ant
 14358 | Lair:4   | Reached ***** piety under Dithmenos
 14371 | Lair:4   | Reached XP level 13. HP: 87/87 MP: 21/24
 15718 | Lair:5   | Found a staircase to the Swamp.
 15778 | Lair:5   | Reached skill level 20 in Stealth
 16764 | Lair:5   | Reached skill level 10 in Dodging
 17210 | Lair:6   | Noticed Maud
 17213 | Lair:6   | Killed Maud
 17271 | Lair:6   | Got a warped quarterstaff
 17620 | Lair:7   | Noticed Snorg
 17655 | Lair:7   | Found a dark tunnel.
 17664 | Volcano  | Entered a volcano
 17870 | Volcano  | Reached skill level 21 in Stealth
 17906 | Volcano  | Noticed a fire dragon
 17910 | Volcano  | Killed a fire dragon
 18426 | Lair:7   | Reached XP level 14. HP: 94/94 MP: 26/26
 18512 | Lair:7   | Found a staircase to the Slime Pits.
 18973 | Lair:7   | Killed Snorg
 19210 | Lair:8   | Entered Level 8 of the Lair of Beasts
 19433 | Lair:7   | Reached skill level 22 in Stealth
 20765 | Lair:8   | Slain by a spriggan rider

Vault maps used:
D:1:      erik_arrival_orb_chamber
D:2:      minmay_misc_feat_nine_boxes, uniq_iyjb, uniq_terence
D:4:      grunt_gozag_breadcrumbs, first_bread, minmay_misc_feat_chi
D:5:      lemuel_doored_altar
D:6:      minmay_temple_entry_purple_smoke
D:7:      minmay_overflow_temple_star_quad, uniq_crazy_yiuf_cottage, uniq_pikel
D:8:      kennysheep_little_box, david_lair_generic, serial_shops,
          nicolae_shop_stone
D:9:      minmay_tri_box, lemuel_crystal_altar, kennysheep_mini_moat,
          basic_altar
Temple:   circular_temple_12
Lair:1:   lemuel_ratsnest, serial_forest, infiniplex_forest_clump_large,
          infiniplex_forest_lined_1, infiniplex_forest_lined_2,
          infiniplex_forest_zigzag_1, infiniplex_forest_split,
          infiniplex_forest_straight_2, infiniplex_forest_corner_1,
          infiniplex_forest_straight_1, infiniplex_forest_corner_1,
          nicolae_quartered_pool_little
Lair:3:   minmay_lair_oklob_bushes
Lair:4:   spider_nest_entry_a, portal_ice_cave_entry_ice_beasts,
          cheibrodos_lair_caveside_slide, zaba_anthell, uniq_urug
Lair:5:   minmay_swamp_entry_swarm, infiniplex_staircase_pool,
          lemuel_fruit_fields
Lair:6:   wad_woods_minihive, uniq_maud
Lair:7:   minmay_slime_entry_pillars, nicolae_volcano_entry_hallway,
          serial_bayou_lake_a, uniq_snorg
Lair:8:   minmay_lair_end_enchanted_forest, serial_forest,
          infiniplex_forest_end_2, infiniplex_forest_clump_medium,
          infiniplex_forest_clump_cross, infiniplex_forest_end_2,
          infiniplex_forest_lined_3_way, infiniplex_forest_straight_2,
          infiniplex_forest_clump_curved, serial_bayou_shore_a
IceCv:    ice_cave_caverns_01
Volcano:  pf_volcano_lost_world

Skill      XL: |  1  2  3  4  5  6  7  8  9 10 11 12 13 14 |
---------------+-------------------------------------------+-----
Stealth        | 5 6 7 8 9 11 13 14 16 18 19 21 22 | 22.5
Hexes          | 5 6 7 9 10 11 12 13 | 13.1
Ice Magic      | 1 2 3 4 5 6 7 |  7.7
Dodging        | 3 4 6 7 8 9 10 | 10.6
Short Blades   | 2 3 4 5 6 |  6.4
Fighting       | 1 2 3 4 |  4.2
Spellcasting   | 3 4 5 6 7 8 9 |  9.3
Conjurations   | 1 2 3 |  3.1
Throwing       | 1 |  1.2
Shields        | 1 3 4 |  4.2
Armour         | 1 2 3 |  3.0
Maces & Flails | |  0.1
Invocations    | |  0.3

Action                   |  1- 3 |  4- 6 |  7- 9 | 10-12 | 13-15 || total
-------------------------+-------+-------+-------+-------+-------++-------
Melee: Dagger            |   103 |    18 |       |       |   296 ||   417
       Bite              |     3 |    10 |    13 |    45 |    24 ||    95
       Whip              |       |    10 |       |       |       ||    10
       Short sword       |       |    86 |   169 |   561 |    96 ||   912
 Fire: Blowgun           |       |       |     4 |       |       ||     4
Throw: Tomahawk          |       |     2 |       |     8 |     9 ||    19
 Cast: Ensorcelled Hiber |     9 |    19 |    25 |   124 |   196 ||   373
       Corona            |     1 |     1 |       |     4 |       ||     6
       Dazzling Spray    |       |     3 |    27 |    89 |    54 ||   173
       Tukima's Dance    |       |       |     1 |       |       ||     1
Invok: Shadow Step       |       |       |       |       |    14 ||    14
 Abil: End Transformatio |       |       |       |     1 |     1 ||     2
       Bat Form          |       |       |       |     1 |     1 ||     2
  Use: Potion            |       |     2 |     1 |     6 |     1 ||    10
       Scroll            |       |       |       |     4 |    14 ||    18
 Stab: Sleeping          |    12 |    25 |    39 |   152 |   215 ||   443
       Distracted        |       |     1 |       |     3 |     1 ||     5
       Invisible         |       |       |     1 |    20 |     3 ||    24
  Eat: Corpse            |     7 |       |     1 |       |       ||     8
Armor: Robe              |    20 |    15 |    31 |    19 |       ||    85
       Leather armour    |       |       |       |    43 |    28 ||    71
Dodge: Dodged            |    44 |    70 |   129 |   331 |   157 ||   731
Block: Shield            |       |       |       |   209 |   128 ||   337
